 Crawl Stoat Soup version 0.21.1-qazlal-10-gd631574 (console) character file.

4 hilarita the Grave Robber (level 1, 0/7 HPs)
             Began as a Felid Necromancer on Aug 25, 2018.
             Slain by a ball python (1 damage)
             ... on level 1 of the Dungeon.
             The game lasted 00:01:19 (519 turns).

hilarita the Grave Robber (Felid Necromancer)        Turns: 519, Time: 00:01:20

Health: 0/7        AC:  1    Str:  4    XL:     1   Next: 58%
Magic:  4/4        EV: 15    Int: 16    God:
Gold:   29         SH:  0    Dex: 16    Spells: 3/4 levels left
                                        Lives:  0   Deaths: 0

rFire    . . .     SeeInvis +   (weapon unavailable)
rCold    . . .     Gourm    .   (shield unavailable)
rNeg     . . .     Faith    .   (armour unavailable)
rPois    .         Spirit   .   (helmet unavailable)
rElec    .         Reflect  .   (cloak unavailable)
rCorr    .         Harm     .   (gloves unavailable)
MR       .....                  (boots unavailable)
Stlth    +++.......             c - amulet of rage
HPRegen  0.02/turn              (no ring)
MPRegen  0.09/turn              (no ring)

@: constricted, quick
A: very small, no armour, no weapons or thrown items, stealth, claws 1, fangs 3,
see invisible, carnivore, speed 1, shaggy fur 1, slow metabolism 1, sharp paws
a: Evoke Berserk Rage


You were on level 1 of the Dungeon.
You were very full.

You visited 1 branch of the dungeon, and saw 1 of its levels.

You collected 29 gold pieces.

Inventory:

Jewellery
 c - an amulet of rage (around neck)
Potions
 d - a potion of ambrosia
 e - a potion of degeneration {unknown}
 f - a potion of invisibility {unknown}
 g - a potion of resistance {unknown}
Books
 a - a book of Necromancy

   Spells                             Type                      Level
   a - Pain                           Necromancy                   1
   b - Animate Skeleton               Necromancy                   1
   c - Vampiric Draining              Necromancy                   3
   d - Regeneration                   Charms/Necromancy            3
   e - Animate Dead                   Necromancy                   4
   f - Borgnjor's Vile Clutch         Necromancy/Earth             5
Comestibles
 b - 2 meat rations


   Skills:
 + Level 0.3 Fighting
 - Level 2.6 Dodging
 + Level 2.9 Stealth
 * Level 0.7 Unarmed Combat
 - Level 2.0 Spellcasting
 - Level 4.0 Necromancy


You had 3 spell levels left.
You knew the following spells:

 Your Spells              Type           Power        Failure   Level  Hunger
a - Pain                  Necr           ##..         4%          1    #......


Dungeon Overview and Level Annotations

Branches:
Dungeon (1/15)

Altars:


Innate Abilities, Weirdness & Mutations

You cannot wear armour.
You are incapable of wielding weapons or throwing items.
Your paws allow you to move quietly. (Stealth)
You have sharp claws.
You have razor-sharp teeth.
You have supernaturally acute eyesight. (SInv)
You are carnivorous and can eat meat at any time.
You cover ground quickly.
You are covered in fur. (AC +1)
You have a slow metabolism.
Your sharp claws are effective at attacking unaware monsters.


Message History

A ball python comes into view.
The ball python hisses angrily.
The ball python bites you but does no damage.
The ball python barely misses you.
You scratch the ball python.
The ball python is heavily wounded.
The ball python completely misses you. The ball python grabs you.
The ball python constricts you.
You closely miss the ball python.
The ball python is heavily wounded.
The ball python bites you. The ball python constricts you.
You scratch the ball python.
The ball python is severely wounded.
The ball python bites you.
* * * LOW HITPOINT WARNING * * *
The ball python constricts you.
You barely miss the ball python.
The ball python is severely wounded.
The ball python closely misses you.
You die...

#.# #....#..≈≈≈≈≈≈≈≈≈#.. #.#
#....#.≈≈≈≈≈≈≈≈≈ #.. #.#
####......≈≈≈≈≈≈≈≈≈≈#.. . ..#
#........≈≈≈≈≈≈≈≈≈≈≈##. .....
#.........≈≈≈≈≈≈≈≈≈≈≈##
.....####...........≈≈≈≈≈≈≈≈≈≈≈
.......[............≈≈≈≈≈≈≈≈≈≈≈
.#.##.###.##.#.......≈≈≈≈≈≈≈≈≈≈
#.##...............≈≈≈....≈
...[......#.............##..
...........@S.............(.
##...###....$.#...##########
#................(....# #..
#....###)..##.###.####.# #.#
#.... #......#...# #.###.# ...
...........# #.#....
####..#...######.#.#.# ...#.###
#....#.#.# #. #.####.#.. # #.#
#.### #.# #.#


You could see a ball python.

Vanquished Creatures
  A giant cockroach (D:1)
  A ball python (D:1)
  2 bats (D:1)
  A frilled lizard (D:1)
  A rat (D:1)
6 creatures vanquished.

Notes
Turn   | Place    | Note
-------+----------+-------------------------------------------
     0 | D:1      | hilarita the Felid Necromancer began the quest for the Orb.
     0 | D:1      | Reached XP level 1. HP: 7/7 MP: 4/4
   519 | D:1      | Slain by a ball python

Action                   || total
-------------------------++-------
Melee: Unarmed           ||    24
       Bite              ||     1
  Use: Scroll            ||     3
 Stab: Sleeping          ||     2
  Eat: Chunk             ||     5
Armor: Skin              ||     1
Dodge: Dodged            ||    23
